 Dungeon Crawl Stone Soup version 0.27-a0-416-gca2cecf3c0 (webtiles) character file.

Game seed: 12850342036985511298

0 dickylongcocking the Sneak (level 1, -18/18 HPs)
             Began as a Barachi Delver on Feb 25, 2021.
             Demolished by an ogre
             ... wielding a +0 giant spiked club
              (28 damage)
             ... on level 4 of the Dungeon.
             The game lasted 00:00:19 (45 turns).

dickylongcocking the Sneak (Barachi Delver)           Turns: 45, Time: 00:00:19

Health: -18/18     AC:  3    Str: 13    XL:     1   Next: 0%
Magic:  1/1        EV: 12    Int: 10    God:
Gold:   0          SH:  0    Dex: 13    Spells: 0/0 levels left

rFire    . . .     SeeInvis .   a - +0 falchion
rCold    . . .     Faith    .   (no shield)
rNeg     . . .     Spirit   .   b - +0 leather armour
rPois    .         Reflect  .   (no helmet)
rElec    .         Harm     .   (no cloak)
rCorr    .         Rampage  .   (no gloves)
Will     .....                  (no boots)
Stlth    ++........             (no amulet)
HPRegen  0.06/turn              (no ring)
MPRegen  0.07/turn              (no ring)

@: hasted, quick
A: +LOS, swims, slowness 1, strong legs 1
a: Hop


You were on level 4 of the Dungeon.
You visited 1 branch of the dungeon, and saw 2 of its levels.

Inventory:

Hand Weapons
 a - a +0 falchion (weapon)
Armour
 b - a +0 leather armour (worn)
Wands
 g - a wand of digging (3)
Scrolls
 c - a scroll of fog
 d - a scroll of magic mapping
 e - a scroll of fear
Potions
 h - a potion of lignification {unknown}


   Skills:
 - Level 3.6 Fighting
 * Level 2.4 Long Blades
 - Level 2.1 Dodging
 - Level 4.5 Stealth


You couldn't memorise any spells.
You didn't know any spells.
Your spell library was empty.

Dungeon Overview and Level Annotations

Branches:
Dungeon (5/15)
 Temple: D:4-7

Altars:

Shops:
D:5 *


Innate Abilities, Weirdness & Mutations

You can be seen from farther away. (+LOS)
You can swim through water.
You cover ground slowly.
You can hop short distances.


Message History

Welcome, dickylongcocking the Barachi Delver.
The bosom of this dungeon contains the awesome artefact, the Orb of Zot.
Press ? for a list of commands and other information.
Found three items.
Found a stone staircase leading down.
Unknown command.
h - a metallic coppery potion An ice beast comes into view.
An ice beast is nearby!
Okay, then.
Found 7 sling bullets.
Found a flail.
Found Ythrivi's Assorted Antiques.
Found a stone staircase leading up.
An ogre comes into view. It is wielding a +0 giant spiked club.
There is an entrance to Ythrivi's Assorted Antiques here.
You can access your shopping list by pressing '$'.
The ogre shouts!
There is a stone staircase leading up here.
Okay, then.
You hit the ogre but do no damage. The ogre closely misses you.
You feel yourself speed up.
The ogre hits you with a +0 giant spiked club!
Ouch! That really hurt!
You climb upwards.
The orc shouts! x2
A ball python and an orc priest come into view.
There is a stone staircase leading down here.
Unknown command.
Unknown command.
A dart slug comes into view.
Found 17 bolts.
A dart slug comes into view.
You hit the dart slug.
The dart slug is heavily wounded.
You slash the dart slug!
You kill the dart slug!
The ogre hits you with a +0 giant spiked club!!
Ouch! That really hurt!
You die...

≈≈≈≈≈≈≈≈≈≈
≈≈≈≈≈≈≈≈.
≈≈≈ ≈≈w
≈≈≈≈≈. ≈≈≈(.
.#.# ## #..#
.. #..# .#
#@# .#
#O##.##
#.#>..##...
#......o...o
###...##S##.
##......
.......
#.##.## .#
.#


You could see an ogre and a dart slug (asleep).

Vanquished Creatures
  A dart slug (D:4)
1 creature vanquished.

Notes
Turn   | Place    | Note
-------+----------+-------------------------------------------
     0 | D:5      | Found the +9 staff of Olgreb {rPois∞}
     0 | D:5      | dickylongcocking the Barachi Delver began the quest for the
                  | Orb.
     0 | D:5      | Reached XP level 1. HP: 18/18 MP: 1/1
     0 | D:5      | Noticed a killer bee
     0 | D:5      | Noticed a killer bee
     0 | D:5      | Noticed a killer bee
     2 | D:5      | Noticed a killer bee
     2 | D:5      | Noticed a killer bee
     2 | D:5      | Noticed a killer bee
    12 | D:5      | Noticed an ice beast
    21 | D:5      | Found Ythrivi's Assorted Antiques.
    30 | D:5      | Noticed an ogre
    39 | D:4      | Noticed an orc priest
    45 | D:4      | Demolished by an ogre

Illustrated notes

Levels and vault maps discovered:
D:4:      kennysheep_slugbush, layout_loops_ring, kennysheep_mini_moat,
          lemuel_crystal_altar, gammafunk_ghost_nasty_kobolds
D:5:      minmay_razor_zed, layout_basic, nicolae_ru_path_of_blood,
          serial_shops, shop, minmay_guarded_unrand_staff_of_olgreb,
          uniq_grinder

Action                   || total
-------------------------++-------
Melee: Falchion          ||     3
  Use: Potion            ||     1
Dodge: Dodged            ||     1

Table legend: (Time is in decaauts)
 A = Elapsed time spent in this place.
 B = Non-inter-level travel time spent in this place.
 C = Inter-level travel time spent in this place.
 D = Time resting spent in this place.
 E = Time spent auto-exploring this place.
 F = Levels seen in this place.
 G = Mean time per level.
                   A        B        C        D        E       F      G
               +--------+--------+--------+--------+--------+-----+--------+
         Total |     50 |     50 |      0 |      0 |     13 |   2 |   25.0 |
       Dungeon |     50 |     50 |      0 |      0 |     13 |   2 |   25.0 |
               +--------+--------+--------+--------+--------+-----+--------+

Top non-repeatable levels by time:
     D:5: 45 daAuts
     D:4: 4 daAuts
